[Event "56th Biel GMT Classical 2023"]
[White "Deac,Bogdan-Daniel"]
[Black "Le,Quang Liem"]
[Site "Biel"]
[Round "1.1"]
[Annotator "TA"]
[Result "0-1"]
[Date "2023.07.18"]
[WhiteElo "2693"]
[BlackElo "2728"]
[PlyCount "100"]
[TimeControl "60"]

1. Nf3 d5 2. d4 Nf6 3. c4 e6 4. Nc3 Bb4 5. Qb3 c5 6. dxc5 Nc6 {[%emt 0:0:18] [#] And now ...d4 would win. D38: Queen's Gambit Declined: Ragozin Defence (4 Nf3 Bb4).} 7. Bg5 Qa5 $1 {[%emt 0:1:35] Hoping for ...d4. The main line 7...Qa5 scores better than 7...dxc4.} ({Don't take} 7... Bxc5 8. cxd5 exd5 9. O-O-O $16 )8. Bxf6 dxc4 {[%emt 0:0:13] The position is equal.} 9. Qxc4 gxf6 10. Rc1 Qxc5 11. Qb3 {[%emt 0:10:16] [#]} (11. Qf4 {seems wilder.} Ke7 12. g3 e5 13. Qe4 )Na5 $146 ({Predecessor:} 11... Qb6 12. e3 Bd7 13. a3 Ba5 14. Qc2 Rc8 15. Be2 Bxc3+ 16. bxc3 Qc5 17. Qb2 Qb6 {½-½ Shirov,A (2696)-Hou,Y (2609) FIDE World Cup 2013 (1.1)} )12. Qc2 Bd7 13. a3 Bxc3+ 14. Qxc3 Qxc3+ 15. Rxc3 Ke7 {[%emt 0:0:18] Threatening ...Rhc8.} 16. b4 Nc6 17. e3 Rac8 (17... a5 $5 18. b5 Ne5 $11 )18. Kd2 Rhd8 19. Be2 Be8+ 20. Rd3 Ne5 21. Nxe5 fxe5 22. Rxd8 Rxd8+ $11 {[%emt 0:0:1][%mdl 4096] Endgame KRB-KRB} 23. Kc3 Bc6 24. f3 f5 25. g3 Rg8 26. Rg1 h5 27. Kd2 h4 28. Ke1 Bd5 29. g4 Kf6 30. Kd2 b6 31. Ke1 Rd8 32. Rf1 Bc6 33. e4 (33. gxf5 $11 exf5 34. f4 )fxe4 $17 {[%emt 0:3:36] aiming for ...e3. Black is more active.} 34. fxe4+ {[%emt 0:0:2] [#]} Kg7 ({Black should play} 34... Kg6 $1 $17 35. Bc4 Bxe4 36. Bxe6 Kg5 )35. Rf3 $15 Kg6 $1 ({Of course not} 35... Bxe4 36. Re3 Bg6 37. Rxe5 $11 )36. Rc3 {[%emt 0:1:27] Black converts the advantage convincingly.} (36. Bd3 $15 )Bxe4 $17 37. Rc7 (37. Re3 $17 Rd4 38. Rc3 )a5 $19 38. bxa5 bxa5 39. Ra7 Rd5 (39... Bd5 $19 {...Rc8 is the strong threat.} 40. Rxa5 Rb8 )40. Bc4 (40. Ra6 $17 )Rc5 41. Bxe6 Kf6 42. Bg8 Rc2 43. Rxa5 $2 (43. h3 Rh2 44. Rxa5 )Rxh2 {[%emt 0:0:17] Strongly threatening ...h3.} 44. Bd5 Bd3 {[%emt 0:3:6] ...h3 would be deadly.} 45. Bf3 h3 {[%emt 0:5:14] White must now prevent ...e4.} 46. g5+ Kxg5 {[%emt 0:0:53] ( -> ...Kf4)} 47. Rxe5+ Kf4 {[%emt 0:0:9] Black mates.} 48. Rd5 Bc4 49. Rd4+ Kxf3 50. Rxc4 Ra2 {[%emt 0:0:30] Weighted Error Value: White=0.55/Black=0.09 (flawless)} 0-1

[Event "56th Biel GMT Classical 2023"]
[White "Keymer,Vincent"]
[Black "Moussard,Jules"]
[Site "Biel"]
[Round "1.2"]
[Annotator "TA"]
[Result "1/2-1/2"]
[Date "2023.07.18"]
[WhiteElo "2690"]
[BlackElo "2654"]
[PlyCount "71"]
[TimeControl "60"]

1. Nf3 Nf6 2. c4 e6 3. b3 d5 4. Bb2 Bd6 5. g3 O-O 6. Bg2 Re8 {[%emt 0:10:10] Recently 6...b6 got a lot of attention. A13: English Opening: 1...e6.} 7. Nc3 {[%emt 0:12:10] [#]} dxc4 $146 ({Predecessor:} 7... Nc6 8. O-O a6 9. Ne1 d4 10. Ne4 Nxe4 11. Bxe4 f5 12. Bg2 e5 13. Qb1 Bd7 14. Nf3 {½-½ Wawrzynowicz,M-Komandera,P (1270) POL-chT U19 2nd League 2012 (7)} )8. bxc4 e5 9. Ng5 h6 10. Nge4 Nxe4 11. Nxe4 Bf8 12. O-O Nd7 (12... f5 $5 13. Nc3 $8 c6 $11 )13. e3 c6 (13... f5 $5 14. Nc3 $8 c6 $11 )14. d3 Nc5 15. Nxc5 Bxc5 16. Qb3 Qc7 17. Kh1 Bf5 18. Qc3 Rad8 19. Rad1 Qd7 20. Rd2 Qd6 {[%emt 0:8:3] [#] Hoping for ...Bb4.} (20... Bxd3 $2 21. Rfd1 $18 )21. Qb3 Bxd3 22. Rfd1 e4 23. Bf1 $1 Bb4 24. Bc3 Bxc3 25. Qxc3 Qe5 26. Qxe5 Rxe5 27. Bxd3 exd3 28. Rxd3 Rxd3 29. Rxd3 $11 {[%emt 0:0:6][%mdl 4096] Endgame KR-KR} Ra5 30. a3 Kf8 31. Kg2 Ke7 32. Kf3 Rc5 33. Rd4 Ra5 34. Rd3 Rc5 35. Rd4 Ra5 36. Rd3 {[%emt 0:0:35] Weighted Error Value: White=0.05 (flawless) /Black=0.09 (flawless)} 1/2-1/2

[Event "56th Biel GMT Classical 2023"]
[White "Yu,Yangyi"]
[Black "Erigaisi Arjun"]
[Site "Biel"]
[Round "1.3"]
[Annotator "TA"]
[Result "1/2-1/2"]
[Date "2023.07.18"]
[WhiteElo "2735"]
[BlackElo "2710"]
[PlyCount "155"]
[TimeControl "60"]

1. e4 e5 2. Nf3 Nc6 3. Bc4 Bc5 4. d3 Nf6 5. O-O d6 6. c3 O-O 7. Nbd2 Bb6 8. Bb3 Ne7 9. Nc4 Ng6 10. Re1 Re8 {[%emt 0:0:8] C54: Giuoco Piano: 4 c3 Nf6, main lines with 5 d4 and 5 d3.} 11. a4 c6 12. Nxb6 axb6 13. Be3 h6 14. h3 d5 15. Bc2 c5 16. b4 d4 17. cxd4 cxd4 18. Bd2 {[%emt 0:0:14] [#]} Nh7 $146 ({Predecessor:} 18... Be6 19. Bb3 Qd7 20. Kh2 b5 21. Bxe6 Rxe6 22. axb5 Rxa1 23. Qxa1 Qxb5 24. Qa8+ Kh7 {1-0 Durarbayli,V (2628)-Kasimdzhanov,R (2670) Shusha Rapid 2022 (6)} )19. Bb3 Be6 20. a5 Nhf8 21. Ba4 Bd7 22. Bb3 Be6 23. Ba4 Bd7 24. Bxd7 Qxd7 25. axb6 Qb5 26. Qb3 Nd7 27. Rec1 Qxb6 28. Qd5 Nf6 29. Qc4 Rxa1 30. Rxa1 Qc6 31. Qxc6 bxc6 32. Ra5 Nd7 33. Ra7 Ngf8 34. Rc7 Nb8 35. Nh4 Ne6 36. Ra7 Rd8 37. Nf5 Kf8 38. g3 $1 {[%emt 0:3:55] White is much more active.} h5 39. Kf1 g6 (39... Rd7 $16 {might work better.} 40. Ra8 Rd8 )40. Bh6+ $1 $18 Kg8 41. Ne7+ Kh7 42. Bd2 Kg7 43. f4 $1 Kf6 (43... Nf8 $142 44. Rb7 (44. fxe5 Rd7 $16 )exf4 )44. h4 $1 exf4 45. gxf4 (45. Bxf4 Nxf4 46. gxf4 Re8 $14 )Re8 46. f5 gxf5 47. exf5 (47. Nxf5 $6 Rd8 48. Ra8 Rf8 $18 )Nf8 48. Bg5+ Ke5 $2 (48... Kg7 49. f6+ Kh7 )49. Ra5+ Kd6 50. f6 $2 (50. Ng8 $1 $18 {Threatens to win with Bf4+.} Re5 51. Bf4 {[%mdl 64] Pin} )Kc7 51. Nf5 (51. Bf4+ $142 Kb6 52. Rxh5 )Nbd7 ({Better is} 51... Nfd7 )52. Nxd4 $16 Kb6 53. Nf5 $1 {[%emt 0:2:30] Hoping for Be3+.} c5 54. Be3 Re6 55. Bxc5+ Nxc5 56. Rxc5 {[%emt 0:0:5][%mdl 4096] Endgame KRN-KRN} Nd7 57. Ra5 Ne5 (57... Nxf6 $16 58. Kg2 Re2+ 59. Kf3 Rd2 )58. Nd4 $18 Rxf6+ 59. Ke2 Ng6 60. Nf5 $1 (60. Rxh5 $2 Nf4+ 61. Ke3 Nxh5 $19 )(60. Rb5+ Ka6 $16 )Re6+ 61. Kd2 f6 62. Rc5 Re5 (62... Re8 $142 63. Ne3 Nxh4 )63. d4 Re4 64. Kd3 Rg4 {[%emt 0:1:28] [#]} 65. Kc4 (65. b5 $1 $18 )Ne5+ 66. Kd5 Nf3 {[%emt 0:0:41] [#]} 67. Ke6 $2 (67. Rc6+ $1 $18 Kb5 68. Rc4 (68. Rxf6 Kxb4 69. Rh6 Nxd4 $11 ))Nxh4 $14 68. d5 ({Reject} 68. Kxf6 Nxf5 69. Kxf5 Rxd4 $11 )(68. Nxh4 $14 Re4+ 69. Kxf6 Rxd4 70. Rxh5 )Nxf5 $11 {[%emt 0:0:23] The position is equal.} 69. Kxf5 {[%emt 0:0:8] And now d6 would win.} Rxb4 {[%emt 0:0:16] KR-KR} 70. Rc3 Rd4 71. Ke6 Re4+ $1 72. Kxf6 {[%emt 0:1:42] White threatens d6 and mate.} h4 $1 73. d6 h3 $1 74. Rd3 (74. d7 $5 Rd4 $8 75. Ke7 $11 )Rf4+ $1 75. Ke6 {[%emt 0:0:57][%cal Od6d7] Threatening mate with d7!} Re4+ $1 76. Kd5 (76. Kf5 $5 Re8 $8 77. d7 $11 (77. Rxh3 Kc6 $11 ))Rh4 77. Rb3+ Ka7 {[%emt 0:0:20] ( -> ...h2)} 78. Rb1 {[%emt 0:2:16] Black defended with fortune.   Weighted Error Value: White=0.13 (very precise) /Black=0.20 (precise)} (78. d7 $5 h2 $8 79. Rb1 (79. d8=B {is a self mate.} h1=Q+ 80. Kd6 Qd1+ 81. Ke7 Qxb3 82. Kf6 Qf3+ 83. Ke6 Re4+ 84. Kd7 Qf7+ )h1=Q+ 80. Rxh1 Rxh1 81. Ke6 $11 )1/2-1/2

[Event "56th Biel GMT Classical 2023"]
[White "Navara,David"]
[Black "Amin,Bassem"]
[Site "Biel"]
[Round "1.4"]
[Annotator "TA"]
[Result "1-0"]
[Date "2023.07.18"]
[WhiteElo "2689"]
[BlackElo "2694"]
[PlyCount "83"]
[TimeControl "60"]

1. e4 e5 2. Nf3 Nc6 3. Bb5 a6 4. Ba4 Nf6 5. O-O Be7 6. Re1 b5 7. Bb3 d6 8. c3 O-O 9. h3 Nb8 10. d4 Nbd7 11. Nbd2 Bb7 12. Bc2 Re8 13. Nf1 Bf8 14. Ng3 g6 15. a4 Bg7 16. Bg5 {[%emt 0:0:5] C95: Closed Ruy Lopez: Breyer Variation with 10 d4.} h6 17. Bc1 c5 18. d5 {[%emt 0:0:29][%cal Oc3c4] The position is equal.} c4 19. Be3 Nc5 20. Qd2 h5 21. Ra3 Qc7 22. Qe2 {[%emt 0:18:38] [#]} Rab8 $146 ({Predecessor:} 22... Reb8 23. Rea1 Nfd7 24. Ng5 Qd8 25. Nf1 Qe7 26. b3 Bf6 27. h4 cxb3 28. Bxb3 Qe8 {½-½ Konstantinov,M (2417)-Jørgensen,B (2339) DEN OP Group email 2018} )23. Rea1 Bc8 24. axb5 axb5 25. Qe1 Bb7 26. Ra5 Qb6 27. Nd2 Ra8 28. b4 cxb3 $1 29. Nxb3 Rxa5 30. Rxa5 Ra8 $1 31. Rxa8+ Bxa8 32. c4 bxc4 33. Nxc5 dxc5 34. Qa1 Qb8 (34... Bb7 $1 $11 )35. Nf1 $16 {[%emt 0:2:24][%cal Bg3f1,Bf1d2,Bd2c4][%mdl 32] White is more active.} ({Don't take} 35. Bxc5 Bb7 $16 )Nd7 36. Nd2 c3 37. Qxc3 Bf8 38. Nc4 Qb4 (38... Qa7 $16 39. Qb2 (39. Nxe5 Bg7 $16 )Bb7 )39. Qxb4 $1 $18 cxb4 {[%emt 0:0:1] [#]} 40. Ba4 $1 Nc5 (40... Nb8 41. Nxe5 Bb7 )41. Bxc5 Bxc5 {[%emt 0:3:46] [#]} 42. Bc6 $1 {[%emt 0:0:16] Prevents Bb7.   Weighted Error Value: White=0.05 (flawless) /Black=0.22 (precise)} ({Weaker is} 42. Nxe5 Bb6 43. Nd3 Kf8 44. Nxb4 Ke7 $16 )1-0

[Event "56th Biel GMT Classical 2023"]
[White "Le,Quang Liem"]
[Black "Amin,Bassem"]
[Site "Biel"]
[Round "2.1"]
[Annotator "TA"]
[Result "1-0"]
[Date "2023.07.19"]
[WhiteElo "2728"]
[BlackElo "2694"]
[PlyCount "89"]
[TimeControl "60"]

1. d4 Nf6 2. c4 g6 3. g3 c6 4. Bg2 d5 5. Qa4 dxc4 6. Qxc4 Bg7 7. Nf3 O-O 8. O-O Be6 9. Qa4 Na6 10. Nc3 Qb6 11. e4 {[%emt 0:6:2] D78: Fianchetto Grünfeld: 6 0-0 c6.} (11. Rd1 $5 )Rfd8 12. h3 c5 13. d5 {[%emt 0:0:31] White is slightly better.} Bd7 14. Qd1 (14. Qc4 {with more complications.} e6 15. d6 e5 16. Nxe5 Be6 17. Qe2 )e6 {[%emt 0:0:57] [#]} 15. Ne5 $5 $146 {[%emt 0:13:3][%cal Bf3e5,Be5d3,Bd3b4][%mdl 8] Wards off Bc6 An interesting novelty.} ({Predecessor:} 15. Nd2 exd5 16. exd5 Bb5 17. Re1 Nb4 18. Nxb5 Qxb5 19. a4 Qa6 20. Ne4 Nfxd5 21. Qe2 Qxe2 22. Rxe2 {½-½ Wenzel,B (2003)-Riess,A (2208) Lueneburg IM 2016 (6)} )exd5 16. exd5 ({Don't play} 16. Nxd5 $6 Nxd5 17. Nxd7 Rxd7 $11 )Be8 (16... Nc7 $14 {should be considered.} )17. Re1 $1 $16 Nc7 18. a4 Ne6 (18... Rac8 $142 )19. a5 Qa6 20. Nd3 $1 {[%emt 0:6:27][%cal Oe1e6] White is more active.} Rac8 21. Be3 $1 c4 {[%emt 0:0:52] [#]} 22. Nb4 Qd6 23. dxe6 Qxb4 {[%emt 0:0:4] [#]} 24. Qe2 b6 (24... fxe6 $16 25. Bxa7 Bf7 )25. axb6 $18 axb6 26. Bg5 {[%emt 0:0:14] aiming for Qf3.} Qc5 27. h4 $36 {[%emt 0:0:53][%mdl 2048] Hoping for Bh3. White has strong initiative.} Rd3 (27... h6 {might work better.} )28. Ra7 Qf5 $2 (28... Rxg3 29. Bxf6 Bxf6 )29. Bxf6 Bxf6 30. exf7+ ({Not} 30. Be4 Qxe6 31. Bxd3 cxd3 32. Qxe6 fxe6 $16 )Bxf7 31. Be4 Re8 32. Bxf5 {[%emt 0:1:20] White wants to mate with Qxe8+.} Rxe2 33. Rxe2 {[%emt 0:1:40] Black must now prevent Be6.} ({Much less strong is} 33. Nxe2 gxf5 34. Nf4 Rd8 $18 )gxf5 34. Rb7 Rd6 35. Re1 Kf8 36. Ra1 h5 37. Ra8+ Bd8 38. Kf1 Ke8 39. Ke2 Re6+ 40. Kf3 Rd6 41. Raa7 Be6 42. Rh7 {[%emt 0:2:38] Threatening mate with Rh8+.} Bd7 43. Rh8+ Ke7 44. Kf4 Rd2 45. Ke5 {[%emt 0:2:55] Black got outplayed after the opening.   Weighted Error Value: White=0.12 (very precise) /Black=0.63} 1-0

[Event "56th Biel GMT Classical 2023"]
[White "Erigaisi Arjun"]
[Black "Navara,David"]
[Site "Biel"]
[Round "2.2"]
[Annotator "TA"]
[Result "1/2-1/2"]
[Date "2023.07.19"]
[WhiteElo "2710"]
[BlackElo "2689"]
[PlyCount "118"]
[TimeControl "60"]

1. e4 c5 2. Nf3 d6 3. d4 cxd4 4. Nxd4 Nf6 5. Nc3 a6 6. Bg5 Nbd7 7. Bc4 Qb6 {[%emt 0:3:57] B94: Sicilian Najdorf: 6 Bg5 Nbd7.} 8. Bb3 e6 $1 9. Bxf6 Nxf6 {[%emt 0:0:6] The position is equal.} 10. Qd2 {[%emt 0:0:5] 10.f4 is not played anymore.} Nd7 11. O-O-O Nc5 12. Rhe1 {[%emt 0:0:8][%cal Od4f5] [#]} g6 $146 {[%emt 0:8:27] Prevents Nf5.} ({Predecessor:} 12... Bd7 13. Nf5 O-O-O 14. Nxd6+ Bxd6 15. Qxd6 Nxb3+ 16. axb3 Qxf2 17. Rf1 Qe3+ 18. Kb1 Bb5 19. Nxb5 Rxd6 20. Nxd6+ {0-1 Celik,H (2433)-Kulaots,K (2525) Bassano del Grappa Vergani Cup 2023 (7)} )13. e5 Nxb3+ 14. axb3 {[%emt 0:0:7] And now exd6 would win.} d5 15. Qf4 {[%emt 0:0:7] Black must now prevent Qf6.} Be7 {[%emt 0:9:3] Dodges Qf6} 16. h4 h6 17. Kb1 Bd7 18. h5 g5 $1 19. Qf3 a5 20. Qd3 Bc5 {[%emt 0:6:46] [#]} (20... Qa6 $11 )21. Nxd5 $1 $16 {[%emt 0:8:42][%mdl 512] White is more active.} exd5 22. e6 $1 $40 {[%emt 0:0:4][%mdl 128] White is out for blood.} Bxe6 (22... fxe6 $2 23. Qg6+ Kd8 24. Qf6+ Kc7 25. Nxe6+ Bxe6 26. Rxe6 $18 )(22... Bxd4 $16 23. exd7+ (23. Qxd4 Qxd4 24. exd7+ Kxd7 $16 )Kxd7 )23. Nxe6 $18 fxe6 24. Qxd5 Kf7 (24... Bxf2 25. Rxe6+ Kf8 26. Qf5+ Kg8 27. Rd7 )25. Qd7+ Be7 {[%emt 0:4:28] ...Rhd8 would be deadly.} 26. Rd3 {[%emt 0:1:7] Intending Rf3+ and mate.} Rh7 27. Rf3+ $1 Kg8 {[%emt 0:0:8] Threatens to win with ...Rd8.} 28. Rxe6 Rd8 29. Qxe7 Rxe7 30. Rxb6 {[%emt 0:0:5][%mdl 4096] Endgame KRR-KRR} Rd1+ 31. Ka2 Ree1 (31... g4 {was worth a try.} 32. Rf4 Ree1 33. Rg6+ (33. Rxg4+ Kf8 $11 )Kh8 34. Rf8+ (34. Rfxg4 $2 Ra1# )(34. Rxh6+ Kg7 $18 )Kh7 35. Rf7+ (35. Rxg4 $2 Ra1# )Kh8 )32. b4 (32. Rxh6 $2 Ra1# )a4 33. b3 $4 (33. Rxh6 $2 Ra1# )(33. Rg6+ $18 {is the narrow road to win.} Kh7 34. Rf7+ Kh8 35. b3 (35. Rxh6+ $2 Kg8 $19 )Ra1+ 36. Kb2 a3+ 37. Kc3 )Ra1+ $19 {[%emt 0:0:36][%mdl 1024] Black has strong compensation.} 34. Kb2 a3+ 35. Kc3 Re7 $1 36. Rg6+ (36. Rxh6 $2 {too greedy.} Rd1 37. Rg6+ Kh7 $19 )Kh7 37. Rff6 Rc7+ 38. Kd2 a2 $1 {[%emt 0:0:2][%cal Oa1d1] ...Rd1+! is the strong threat.} 39. Rxh6+ Kg8 40. Rhg6+ {[%emt 0:0:0] [#]} Rg7 $1 41. Rxg7+ Kxg7 {[%emt 0:0:43] KR-KR} 42. Rg6+ Kh7 43. Rxg5 {[%emt 0:1:9] Hoping for Ra5.} Rb1 $2 (43... Rd1+ $19 44. Kxd1 a1=Q+ 45. Ke2 Qc3 )44. Ra5 $11 a1=Q 45. Rxa1 Rxa1 {[%emt 0:0:6] KR-KP} 46. c4 $2 (46. Ke3 $1 $11 )Kh6 (46... Rh1 $17 47. Ke3 Rxh5 )47. Ke3 {[%emt 0:0:50] [#]} (47. Kc3 $11 )Kxh5 ({Black should try} 47... Rg1 $1 $17 48. b5 Rxg2 )48. Kd4 $1 Kg6 49. b5 Rb1 (49... Ra2 $17 50. Kd5 Rb2 )50. Kc5 $1 Rxb3 51. Kb6 Rc3 52. Kxb7 Kf7 53. b6 Ke6 (53... Ke7 $5 54. Kc6 $8 Rxc4+ 55. Kd5 (55. Kb5 Rc2 $15 )Rc1 $11 )54. Kc7 Rxc4+ 55. Kd8 $1 Rb4 56. Kc7 Rc4+ 57. Kd8 $1 Rd4+ 58. Kc7 $1 Rc4+ 59. Kb7 $2 (59. Kd8 $11 )Ke7 {[%emt 0:0:2][%mdl 32768] What a bad dream for White.   Weighted Error Value: White=0.28 (precise) /Black=0.26 (precise) . An unexpected result.} 1/2-1/2

[Event "56th Biel GMT Classical 2023"]
[White "Moussard,Jules"]
[Black "Yu,Yangyi"]
[Site "Biel"]
[Round "2.3"]
[Annotator "TA"]
[Result "1/2-1/2"]
[Date "2023.07.19"]
[WhiteElo "2654"]
[BlackElo "2735"]
[PlyCount "88"]
[TimeControl "60"]

1. e4 c5 2. Nf3 Nc6 3. Bb5 d6 4. O-O Bd7 5. Re1 Nf6 6. c3 a6 7. Bf1 Bg4 8. d4 cxd4 9. cxd4 e5 {[%emt 0:0:40] B51: Sicilian: Moscow Variation (3 Bb5+) without 3...Bd7.} 10. d5 Nd4 11. Be3 Nxf3+ 12. gxf3 Bd7 13. Nd2 {[%emt 0:11:33] 13.Nd2 scores better than 13.a4.} b5 {[%emt 0:0:30] [#] Repels Nc4} 14. a4 $1 Be7 15. axb5 axb5 16. Rxa8 Qxa8 17. Qa1 O-O {[%emt 0:0:26] [#]} 18. b4 $146 (18. Rc1 $5 )({Predecessor:} 18. Rc1 Qb7 19. Qa7 Qxa7 20. Bxa7 Ra8 21. Rc7 Kf8 22. Rb7 Bc8 23. Rb8 Rxb8 24. Bxb8 {½-½ Schilcher,A (2567)-Brodda,W (2584) GER GM08-A email 2019} )h6 19. Rc1 Nh7 20. Qxa8 Rxa8 21. Rc7 Nf8 22. Ra7 $36 {[%emt 0:9:43][%mdl 2048] White is more active.} Rc8 {[%emt 0:2:23] [#]} (22... Rxa7 $11 23. Bxa7 Ng6 )23. f4 {[%emt 0:5:17] White is much more active.} ({White should try} 23. Nb3 $1 $16 )exf4 $1 $11 24. Bxf4 Rc1 25. Kg2 Rc3 26. Bg3 Bg5 27. Nf3 Bg4 28. Nxg5 hxg5 29. Ra8 $1 {[%emt 0:4:14] h3 is the strong threat.} (29. Bxb5 Bf3+ 30. Kh3 f6 31. Bxd6 Ng6 $17 )(29. Bxd6 Bh3+ 30. Kh1 Rc1 )f5 30. exf5 (30. Bxd6 {gets mated.} Bh3+ 31. Kh1 Rc1 32. Rxf8+ Kh7 )(30. Bxb5 $2 f4 31. Ra1 Bf3+ 32. Kf1 fxg3 33. fxg3 Bxe4 $19 )Bxf5 ({Black should play} 30... Bf3+ $14 31. Kh3 Kf7 )31. h3 (31. Bxd6 {leads to mate.} Bh3+ 32. Kh1 Rc1 33. Rxf8+ Kh7 )(31. f3 $16 Kf7 32. Bxb5 (32. Bxd6 Ng6 $18 ))Be4+ 32. Kh2 Bxd5 33. Rb8 Rc1 34. Bg2 Bxg2 35. Kxg2 {[%emt 0:0:1][%mdl 4096] Endgame KRB-KRN} Rd1 36. Rxb5 Ne6 (36... d5 $1 $11 )37. Rb6 $14 {[%emt 0:0:8] White is slightly better.} Nf4+ 38. Kf3 Rd4 39. h4 g4+ 40. Ke3 $1 Rxb4 {[%emt 0:0:0][%mdl 64] Decoy} 41. Rxb4 Nd5+ 42. Kd4 Nxb4 43. Bxd6 Nc2+ 44. Ke4 g6 {[%emt 0:0:56] Weighted Error Value: White=0.13 (very precise) /Black=0.13 (very precise)} 1/2-1/2

[Event "56th Biel GMT Classical 2023"]
[White "Deac,Bogdan-Daniel"]
[Black "Keymer,Vincent"]
[Site "Biel"]
[Round "2.4"]
[Annotator "TA"]
[Result "1/2-1/2"]
[Date "2023.07.19"]
[WhiteElo "2693"]
[BlackElo "2690"]
[PlyCount "106"]
[TimeControl "60"]

1. c4 Nf6 2. Nc3 e5 3. e3 Bb4 4. Nge2 O-O 5. a3 Be7 6. Qb3 {[%emt 0:0:18] A22: English Opening: 1...e5 2 Nc3 Nf6.} b6 7. d4 exd4 8. Nxd4 Bb7 9. Be2 {[%emt 0:0:39] [#]} Nc6 $146 ({Predecessor:} 9... Bxg2 10. Rg1 Bb7 11. Nf5 g6 12. Qc2 Re8 13. h4 Kf8 14. e4 Ng8 15. Nxe7 Qxe7 16. Bd3 Nc6 17. Be3 Qc5 18. Bxc5+ {1-0 Vogl,M-Grube,A Team-ch L16K1-R(4-5) 2018} )10. Nf5 Re8 11. Nxe7+ Qxe7 12. O-O Rad8 (12... Qe5 {keeps more tension.} 13. Qc2 Ne7 14. b3 Ng6 )13. Rd1 Ne5 14. f3 c6 15. Qa4 a5 16. b4 axb4 $1 17. Qxb4 Ba6 $1 18. Rb1 Qc5 19. Qxb6 (19. Rd4 $5 )Qxb6 20. Rxb6 Bxc4 21. Kf2 Ra8 22. e4 Bxe2 23. Nxe2 Nc4 24. Rb3 h6 {[%emt 0:2:59] Against Bg5} 25. Nc3 Red8 26. Rd4 d5 27. exd5 Na5 {[%emt 0:0:18] A dynamic duo of knights.} 28. Rb1 cxd5 29. Rb5 Rdc8 30. Rd3 Ra6 31. g4 Kh7 32. h4 Nc4 {[%emt 0:0:34] ...Ne5 would be deadly. The position is equal.} 33. Ne2 ({Reject} 33. Nxd5 Ne5 34. Re3 Nfxg4+ 35. fxg4 Nxg4+ 36. Kf3 Nxe3 37. Bxe3 Rxa3 $17 )Ne5 34. Rd1 Rc2 35. Rb2 Rxb2 36. Bxb2 Nc4 37. Bxf6 Rxf6 38. Rxd5 Nxa3 $11 {[%emt 0:0:6][%mdl 4096] Endgame KRN-KRN} 39. Rc5 Rd6 40. Ng3 g6 41. Ne4 Rb6 42. g5 hxg5 43. hxg5 Kg7 44. Rc8 {[%emt 0:0:7] Strongly threatening Nf6.} Nb5 45. Nf6 Rxf6 $1 46. gxf6+ Kxf6 {[%emt 0:0:5] KR-KN} 47. Rc6+ Ke7 48. Ke3 Nd6 49. Kd4 Nf5+ 50. Ke5 Kf8 51. Kf6 {[%emt 0:2:34][%cal Rc6c8] [#]} Ne7 {[%emt 0:0:9] Against Rc8+} 52. Rc5 Ng8+ 53. Kg5 Kg7 {[%emt 0:0:7] Weighted Error Value: White=0.06 (flawless) /Black=0.05 (flawless)} 1/2-1/2

[Event "56th Biel GMT Classical 2023"]
[White "Keymer,Vincent"]
[Black "Le,Quang Liem"]
[Site "Biel"]
[Round "3.1"]
[Annotator "TA"]
[Result "1-0"]
[Date "2023.07.20"]
[WhiteElo "2690"]
[BlackElo "2728"]
[PlyCount "105"]
[TimeControl "60"]

1. Nf3 d5 2. g3 g6 3. Bg2 Bg7 4. d4 c6 5. O-O Nf6 6. c4 dxc4 {[%emt 0:0:16] D73: Fianchetto Grünfeld: 5 Nf3 .} 7. a4 Ne4 8. Nc3 Nxc3 {[%emt 0:1:21] The position is equal.} 9. bxc3 O-O 10. a5 c5 11. Qa4 Nc6 {[%emt 0:7:13][%cal Rc5d4] [#]} 12. Rd1 $146 ({Predecessor:} 12. a6 cxd4 13. Nxd4 Nxd4 14. cxd4 Rb8 15. Rb1 b5 16. Rxb5 Bd7 17. Rxb8 Bxa4 18. Rxd8 Rxd8 {½-½ Aditya,M (2438)-Ohanyan,E (2324) Paracin Orbis GM 3rd 2021 (3)} )cxd4 13. Nxd4 Nxd4 14. cxd4 Bg4 (14... Bxd4 15. Bh6 Bd7 16. Qa2 $18 )15. Ra2 Rc8 16. Bxb7 Rc7 17. a6 {[%emt 0:5:25] Threatens to win with Bf4.} c3 18. Bf4 Rd7 (18... Bd7 $1 $14 19. Qb3 (19. Bxc7 Bxa4 20. Bxd8 Bxd1 $17 )e5 20. dxe5 (20. Bxe5 Bxe5 21. dxe5 Qe7 $11 )Qe7 )19. d5 $16 {[%emt 0:5:7] aiming for Be3.} Bf5 {[%emt 0:7:34] [#]} (19... Bh3 $16 20. Bc6 Rd6 )20. Be3 $1 $18 c2 21. Rxc2 Bxc2 22. Qxc2 Qa5 {[%emt 0:0:15] Black is weak on the light squares} 23. Qb3 ({Weaker is} 23. Bxa7 Rxb7 24. axb7 Qxa7 $11 )Rd6 (23... Rb8 $16 )24. Qc4 {[%emt 0:10:55] Rb1 is the strong threat.} ({Don't do} 24. Bxa7 $6 Rxa6 25. Bxa6 Qxa6 $16 )Rb6 {[%emt 0:2:16] Prevents Rb1.} 25. Bxb6 Qxb6 26. Qe4 {[%emt 0:1:7] Prevents Be5} Qc5 27. Kg2 {[%emt 0:1:22] White is more active.} Bf6 28. Rd2 Rd8 29. Rc2 Qd4 (29... Qa3 $142 30. Qf4 Kg7 )30. Qxd4 $16 Bxd4 {[%emt 0:2:20][%mdl 4096] Endgame KRB-KRB} 31. e4 e6 32. Rc4 Be5 {[%emt 0:4:14] [#]} (32... e5 $16 {might work better.} 33. f4 Kf8 )33. dxe6 $1 $18 fxe6 34. f4 Rd2+ 35. Kf3 Bd4 36. e5 Bg1 37. Bc8 {[%emt 0:3:33] Wards off Rd7} Rxh2 $2 (37... Bb6 {is more resistant.} 38. Bxe6+ Kf8 )38. Bxe6+ Kf8 39. Rc7 Ke8 40. Rb7 Kd8 41. Bg8 h5 (41... Rc2 $142 42. Bxh7 Rc6 )42. Bf7 Rf2+ 43. Ke4 Re2+ 44. Kd5 {[%emt 0:0:46] Kd6 would kill now.} Rd2+ 45. Kc6 Rd3 46. Bxg6 {[%emt 0:0:45] White threatens Rb8+ and mate.} Rxg3 47. f5 (47. Rb8+ $142 Ke7 48. Re8# )Rc3+ 48. Kd5 {[%emt 0:1:30][%cal Of5f6] Threatening mate with f6!} Rd3+ 49. Ke6 {[%emt 0:0:23] White mates.} h4 50. f6 Ra3 51. Kf7 Rxa6 52. e6 Kc8 53. Rb4 {[%emt 0:0:22] Weighted Error Value: White=0.10 (very precise) /Black=0.64} 1-0